[Event "Early-Titled-Tuesday-Blitz-December-26-2023"]
[Site "Chess.com"]
[Date "2023.12.26"]
[Round "3"]
[White "50Tugrik"]
[Black "matagordo"]
[Result "0-1"]
[WhiteElo "2398"]
[BlackElo "2233"]
[TimeControl "180+1"]
[EndTime "8:30:15 PST"]
[Termination "matagordo won by resignation"]

1. d3 e6 2. g3 Nf6 3. Bg2 g6 4. b3 Bg7 5. Bb2 O-O 6. Nd2 d6 7. e4 Nc6 8. Ngf3 Bd7 9. O-O Re8 10. e5 dxe5 11. Nxe5 Nxe5 12. Bxe5 c6 13. f4 Nd5 14. Bxg7 Kxg7 15. Qc1 Qf6 16. Ne4 Qd4+ 17. Kh1 Ne3 18. Rg1 Nxg2 19. Rxg2 c5 20. Qg1 b6 21. Qxd4+ cxd4 22. Nd6 Bc6 23. Nxe8+ Rxe8 24. Kg1 Bxg2 25. Kxg2 Rc8 26.
Rc1 f5 27. Kf3 Kf6 28. Ke2 e5 29. fxe5+ Kxe5 30. Kd2 Kd6 31. Re1 g5 32. Rf1 Rc5 33. b4 Re5 34. c3 dxc3+ 35. Kxc3 Ke6 36. d4 Re2 37. d5+ Ke5 38. d6 Kxd6 39. Rxf5 Rxh2 40.
Rxg5 Rxa2 41. Rg7 a5 42. bxa5 bxa5 43. Rxh7 Ra3+ 44. Kc4 Rxg3 45. Kb5 Rg5+ 46. Ka4 Kc6 47. Rh1 Kb6 48. Rb1+ Ka6 49. Rh1 Rg4+ 50. Kb3 Kb5 51. Rh6 Rg3+ 52. Kb2 Rd3 53. Rh5+ Ka4 54. Kc2 Rd4 55.
Rh3 Rb4 56. Rh1 Kb5 57. Rh5+ Kc4 58. Rh8 Kb5 59. Kc3 Ka4 60. Rh1 Rb3+ 61. Kc2 Ra3 62.
Kb2 Rb3+ 63. Ka2 Ra3+ 64. Kb2 Rb3+ 65. Kc2 Rb4 66. Rh3 Rc4+ 67. Kb2 Rf4 68. Rh2 Rf3 69. Rc2 Rb3+ 70. Ka2 Rg3 71. Rc4+ Kb5 72. Re4 a4 73. Re2 Kb4 74. Re4+ Ka5 75. Re2 Rg4 76. Rf2 Kb4 77. Rc2 Re4 78. Rb2+ Ka5 79. Rc2 Rd4 80.
Rh2 Kb4 81. Rh1 Rd2+ 82. Kb1 Kb3 83. Rh3+ Kb4 84. Rh4+ Ka3 85. Rh3+ Kb4 86. Rh4+ Kb5 87.
Rh1 Rd3 88. Kc2 Rg3 89. Rh4 Rg2+ 90. Kb1 a3 91. Rh8 Ka4 92. Ra8+ Kb3 93. Rb8+ Kc3 94.
Ka1 Rg1+ 95. Ka2 Rg2+ 96. Kxa3 Rg1 97. Rc8+ Kd4 98. Kb2 Rg2+ 99. Kb3 Rg3+ 100. Kb4 Rg1 101. Rd8+ Ke5 102. Kc3 Rc1+ 103. Kd2 Ra1 104. Rd3 Ra2+ 105. Ke3 Ra1 106. Rd2 Re1+ 107. Re2 Ra1 108. Kd3+ Kd5 109. Rc2 Ra3+ 110. Rc3 Ra1 111. Rc2 Rd1+ 112. Rd2 Rh1 113. Re2 Kc5 114. Ke4 Rh4+ 115. Kf3 Kd4 116. Kg3 Rh8 117. Rh2 Rg8+ 118. Kh3 Rh8+ 119. Kg2 Rg8+ 120. Kf3 Rf8+ 121. Kg3 Rg8+ 122. Kf2 Ke4 123. Rh4+ Kd3 124. Rh3+ Kd2 125. Rg3 Rf8+ 126. Rf3 Re8 127. Kg2 Rg8+ 128. Rg3 Rf8 129. Kh2 Rh8+ 130. Kg1 Ra8 131. Rg2+ Ke3 132. Kh2 Kf3 133. Rg3+ Kf4 134. Rg7 Ra2+ 135. Kh3 Ra1 136. Kg2 Ra2+ 137. Kf1 Ra1+ 138. Ke2 Ke4 139. Re7+ Kd5 140. Rg7 Ra2+ 141. Kd1 Rh2 142. Rg4 Ke5 143. Rb4 Rf2 144. Ra4 Rh2 145. Ra2 Rxa2 0-1

[Event "Early-Titled-Tuesday-Blitz-December-26-2023"]
[Site "Chess.com"]
[Date "2023.12.26"]
[Round "3"]
[White "Virgo15"]
[Black "ahkashefi2800"]
[Result "1/2-1/2"]
[WhiteElo "2756"]
[BlackElo "2559"]
[TimeControl "180+1"]
[EndTime "8:31:00 PST"]
[Termination "Game drawn by repetition"]

1. d4 d5 2. Bf4 c6 3. e3 Nf6 4.
Nf3 Qb6 5. Qc1 Bf5 6. c4 e6 7. Nc3 Bb4 8. Be2 O-O 9. O-O Nbd7 10. c5 Qd8 11. a3 Ba5 12. b4 Bc7 13. Bg3 Re8 14. b5 Bxg3 15. hxg3 e5 16. bxc6 bxc6 17. Qd1 Qc7 18. Qa4 Ne4 19. Nxe4 Bxe4 20. Rfd1 Bxf3 21. Bxf3 exd4 22. exd4 Nf8 23. Bg4 g6 24. Rab1 Rab8 25. Rxb8 Rxb8 26. Re1 h5 27. Bf3 Ne6 28. g4 h4 29. Qd1 Qa5 30. Rxe6 fxe6 31. Qd3 Qe1+ 32.
Kh2 Kf7 33. Qa6 Re8 34. Qxa7+ Re7 35. Qb8 Qxf2 36. Qf4+ Kg7 37. Qe5+ Kh7 38. g5 Qg3+ 39. Qxg3 hxg3+ 40. Kxg3 e5 41. dxe5 Rxe5 42. Kf4 Re1 43. a4 Kg7 44. a5 Ra1 45. Ke5 Rxa5 46. Kd6 Ra6 47. Kc7 d4 48. Kb7 Ra3 49. Kxc6 Rxf3 50. gxf3 d3 51. Kb7 d2 52. c6 d1=Q 53. c7 Qxf3+ 54.
Kb8 Qf4 55. Ka8 Qf5 56. Kb8 Qb5+ 57. Ka8 Qc6+ 58. Kb8 Qd6 59. Ka8 Qd5+ 60. Kb8 Qe5 61. Ka8 Qxg5 62. c8=Q Qf5 63. Qc3+ Qf6 64. Qg3 g5 65. Qg4 Qa6+ 66. Kb8 Qb6+ 67. Ka8 Qc6+ 68. Ka7 Kf6 69. Qh5 Qa4+ 70. Kb6 Qb4+ 71. Ka6 Qh4 72. Qe8 Qc4+ 73. Ka5 Qd5+ 74. Ka4 Qd4+ 75. Ka3 Qd3+ 76. Ka2 g4 77. Qf8+ Kg5 78. Qg7+ Kh4 79. Qh6+ Kg3 80.
Qg5 Qe2+ 81. Ka3 Qf3+ 82. Ka2 Kg2 83. Qh4 g3 84. Qg5 Kg1 85. Qh4 g2 86. Qe1+ Qf1 87.
Qe4 Qf2+ 88. Ka3 Kf1 89. Qb1+ Qe1 90. Qf5+ Ke2 91. Qe4+ Kf1 92. Qf3+ Kg1 93. Qg4 Qa1+ 94. Kb4 Qf1 95. Ka4 Qe1 96. Qd4+ Qf2 97. Qd1+ Kh2 98. Qh5+ Kg1 99. Qd1+ Qf1 100. Qd4+ Kh1 101. Qh4+ Kg1 102. Qd4+ Qf2 103. Qd1+ 1/2-1/2

[Event "Early-Titled-Tuesday-Blitz-December-26-2023"]
[Site "Chess.com"]
[Date "2023.12.26"]
[Round "4"]
[White "CuattroPrincesses"]
[Black "Let_it_be_1"]
[Result "0-1"]
[WhiteElo "2285"]
[BlackElo "2583"]
[TimeControl "180+1"]
[EndTime "8:33:27 PST"]
[Termination "Let_it_be_1 won by resignation"]

1. e4 e6 2. d4 d5 3. Nd2 Nf6 4. e5 Nfd7 5. Bd3 c5 6. c3 Nc6 7.
Ne2 f6 8. exf6 Nxf6 9. Nf3 Bd6 10. O-O Qc7 11. a3 O-O 12. dxc5 Bxc5 13. b4 Bd6 14. c4 dxc4 15. Bxc4 Ne5 0-1

[Event "Early-Titled-Tuesday-Blitz-December-26-2023"]
[Site "Chess.com"]
[Date "2023.12.26"]
[Round "4"]
[White "maurovargas01"]
[Black "OneTrickPony_82"]
[Result "0-1"]
[WhiteElo "1877"]
[BlackElo "2449"]
[TimeControl "180+1"]
[EndTime "8:33:46 PST"]
[Termination "OneTrickPony_82 won by checkmate"]

1. e4 e5 2. Nf3 Nc6 3. Ng1 Nf6 4. Nc3 d5 5. d3 Bc5 6. Nf3 dxe4 7. Na4 Bxf2+ 8. Kxf2 exf3 9. gxf3 Qd4+ 10. Be3 Qxa4 11. Rg1 Nd5 12. Bc5 Qh4+ 13. Ke2 Nd4+ 14. Bxd4 Qxd4 15.
Rg4 Qe3# 0-1

[Event "Early-Titled-Tuesday-Blitz-December-26-2023"]
[Site "Chess.com"]
[Date "2023.12.26"]
[Round "4"]
[White "DrCeltic"]
[Black "LuisFSiles"]
[Result "1-0"]
[WhiteElo "2518"]
[BlackElo "2279"]
[TimeControl "180+1"]
[EndTime "8:33:54 PST"]
[Termination "DrCeltic won by resignation"]

1. e4 c5 2. Nf3 Nc6 3. d4 cxd4 4. Nxd4 Nf6 5. Nc3 e5 6. Ndb5 d6 7. Bg5 a6 8. Na3 b5 9. Bxf6 gxf6 10. Nd5 f5 11. g3 h5 12. Bg2 f4 13. O-O h4 14.
gxf4 exf4 15. Nxf4 Bg7 16. e5 Bb7 17. exd6 Qg5 18.
Re1+ Kf8 19. Qf3 Na5 20. Ne6+ Kg8 21. Nxg5 Bxf3 22. Bxf3 1-0

[Event "Early-Titled-Tuesday-Blitz-December-26-2023"]
[Site "Chess.com"]
[Date "2023.12.26"]
[Round "4"]
[White "dcremisi"]
[Black "Bauman_Guy"]
[Result "0-1"]
[WhiteElo "2673"]
[BlackElo "2900"]
[TimeControl "180+1"]
[EndTime "8:34:47 PST"]
[Termination "Bauman_Guy won by checkmate"]

1. f3 d5 2. d4 c5 3. c3 Nf6 4.
e3 Nc6 5. Bb5 Qb6 6. Bxc6+ bxc6 7. Ne2 Ba6 8. O-O e6 9. Re1 Bd6 10. Nd2 O-O 11. Nb3 e5 12. dxc5 Bxc5 13. Nxc5 Qxc5 14.
Kh1 Rab8 15. Qc2 Rfe8 16. Ng3 g6 17. Bd2 h5 18. Rac1 e4 19. fxe4 h4 20. Ne2 Nxe4 21. Nd4 Bd3 22. b4 Qc4 23. Qb2 c5 24. Nb3 h3 25.
Rg1 Nf2# 0-1

[Event "Early-Titled-Tuesday-Blitz-December-26-2023"]
[Site "Chess.com"]
[Date "2023.12.26"]
[Round "4"]
[White "Druid24"]
[Black "Cheer_Down"]
[Result "1-0"]
[WhiteElo "2695"]
[BlackElo "2498"]
[TimeControl "180+1"]
[EndTime "8:34:57 PST"]
[Termination "Druid24 won by resignation"]

1. e4 e6 2. d3 d5 3. Nd2 Nf6 4. Ngf3 c5 5. g3 Nc6 6. Bg2 Be7 7. O-O O-O 8. Re1 Qc7 9. Qe2 b5 10. e5 Nd7 11. Nf1 Bb7 12. h4 Rfc8 13. Bf4 a5 14.
h5 h6 15. N1h2 b4 16. Ng4 Bf8 17. Qd2 Qd8 18. c3 a4 19. c4 dxc4 20. dxc4 Nb6 21. Qe2 b3 22. Red1 Qe8 23. Bxh6 a3 24. Ng5 Rd8 25.
Qe4 g6 26. Nf6+ 1-0

[Event "Early-Titled-Tuesday-Blitz-December-26-2023"]
[Site "Chess.com"]
[Date "2023.12.26"]
[Round "4"]
[White "GAO"]
[Black "GiorgianBarbosa"]
[Result "0-1"]
[WhiteElo "2316"]
[BlackElo "2498"]
[TimeControl "180+1"]
[EndTime "8:34:57 PST"]
[Termination "GiorgianBarbosa won by resignation"]

1. Nf3 Nf6 2. d4 e6 3. c4 d5 4. g3 Be7 5. Bg2 O-O 6. Bf1 dxc4 7. Bg2 c5 8. O-O Nc6 9. dxc5 Bxc5 10. Nbd2 c3 11.
bxc3 Qc7 12. Qc2 b6 13. Nb3 Be7 14. Bf4 Qd7 15. Rfd1 Qe8 16. Nbd4 Bb7 17. Ne5 Nxd4 18. cxd4 Bxg2 19. Kxg2 Rc8 20. Qb3 Nd5 21. Rac1 Nxf4+ 22. gxf4 Bf6 23. e3 Bxe5 24. fxe5 Qe7 25. e4 Rxc1 0-1

[Event "Early-Titled-Tuesday-Blitz-December-26-2023"]
[Site "Chess.com"]
[Date "2023.12.26"]
[Round "4"]
[White "Iball95"]
[Black "Ajedrez_con_German"]
[Result "1-0"]
[WhiteElo "2805"]
[BlackElo "2595"]
[TimeControl "180+1"]
[EndTime "8:35:09 PST"]
[Termination "Iball95 won by resignation"]

1. e4 c5 2. Nf3 a6 3. Nc3 e6 4.
d4 cxd4 5. Nxd4 b5 6. Bd3 Bb7 7. O-O Nc6 8. Nxc6 Bxc6 9. Re1 d6 10. a4 b4 11. Nd5 Qb8 12. Bd2 a5 13. c3 Nf6 14.
cxb4 Nxd5 15. exd5 Bxd5 16. Bb5+ Kd8 17. Bg5+ f6 18.
Qxd5 exd5 19. Re8+ Kc7 20. Rc1+ Kb7 21. Bc6+ Kb6 22.
Be3+ 1-0

[Event "Early-Titled-Tuesday-Blitz-December-26-2023"]
[Site "Chess.com"]
[Date "2023.12.26"]
[Round "4"]
[White "SharapovEvgeny"]
[Black "margarita_2703"]
[Result "1-0"]
[WhiteElo "2584"]
[BlackElo "2324"]
[TimeControl "180+1"]
[EndTime "8:35:14 PST"]
[Termination "SharapovEvgeny won by resignation"]

1. e4 c5 2. Nf3 Nc6 3. d4 cxd4 4.
Nxd4 e5 5. Nb5 a6 6. Nd6+ Bxd6 7. Qxd6 Qe7 8. Qd1 Nf6 9. Nc3 Nd4 10. Bd3 h6 11. O-O b5 12. Be3 Ne6 13. a4 b4 14. Nd5 Nxd5 15. exd5 Nc5 16. Bxc5 Qxc5 17. Qg4 g6 18. Rae1 d6 19. Qh4 Bd7 20. Qf6 Rf8 21. Kh1 Bf5 22. f4 Bxd3 23. cxd3 Qxd5 24. fxe5 Kd7 25. e6+ fxe6 26. Qg7+ Kc6 27. Rc1+ Qc5 28. Rxc5+ 1-0

[Event "Early-Titled-Tuesday-Blitz-December-26-2023"]
[Site "Chess.com"]
[Date "2023.12.26"]
[Round "4"]
[White "Schachmalanders"]
[Black "Alexei_Gubajdullin"]
[Result "0-1"]
[WhiteElo "2413"]
[BlackElo "2669"]
[TimeControl "180+1"]
[EndTime "8:35:18 PST"]
[Termination "Alexei_Gubajdullin won by resignation"]

1. e4 g6 2. h4 h6 3. h5 g5 4.
d4 Bg7 5. Nc3 c5 6. dxc5 Na6 7.
Be3 Qa5 8. Bd4 e5 9. Be3 Nf6 10. a3 Nxe4 11. Bxa6 Nxc3 12. Qd2 bxa6 13. Qxc3 Qxc3+ 14. bxc3 Bb7 15. Nf3 Bxf3 16. gxf3 e4 17. Bd4 Bxd4 18.
cxd4 exf3 19. Kd2 O-O 20. Ke3 g4 21. Rhg1 f5 22. Rge1 f4+ 23. Kd3 g3 24. Rg1 Rae8 25.
fxg3 f2 26. Rg2 Re1 27. gxf4+ Kf7 0-1

[Event "Early-Titled-Tuesday-Blitz-December-26-2023"]
[Site "Chess.com"]
[Date "2023.12.26"]
[Round "4"]
[White "tetrix83"]
[Black "Karacsonyi_Gellert"]
[Result "1-0"]
[WhiteElo "2578"]
[BlackElo "2722"]
[TimeControl "180+1"]
[EndTime "8:35:19 PST"]
[Termination "tetrix83 won by resignation"]

1. Nf3 Nf6 2. g3 d5 3. Bg2 e6 4. O-O Be7 5. d3 O-O 6. Nbd2 c5 7. e4 dxe4 8. dxe4 Nc6 9. e5 Nd5 10.
c3 b6 11. Qe2 Bb7 12. Re1 Qc7 13. h4 Rae8 14. Nf1 f5 15. exf6 Bxf6 16. N1h2 e5 17. Ng5 Nd8 18. Bxd5+ Bxd5 19. Qd3 Bxg5 20. Qxd5+ Ne6 21.
hxg5 Qf7 22. Be3 Rd8 23. Qc4 Rd2 24. Bxd2 Qxf2+ 25. Kh1 Qxd2 26. Qxe6+ Kh8 27. Rf1 1-0

[Event "Early-Titled-Tuesday-Blitz-December-26-2023"]
[Site "Chess.com"]
[Date "2023.12.26"]
[Round "4"]
[White "bazar-wokzal"]
[Black "Chempiblinka"]
[Result "1-0"]
[WhiteElo "2639"]
[BlackElo "2265"]
[TimeControl "180+1"]
[EndTime "8:35:33 PST"]
[Termination "bazar-wokzal won by resignation"]

1. e4 c5 2. c3 d5 3. exd5 Qxd5 4. d4 Nf6 5. Nf3 Bg4 6. dxc5 Qxd1+ 7. Kxd1 e5 8. b4 e4 9. h3 Bxf3+ 10. gxf3 exf3 11. Nd2 Be7 12. Nxf3 O-O 13. Kc2 a5 14. Bc4 Na6 15. Rb1 Rfc8 16. Re1 Bf8 17. Ng5 Rc7 18. Bf4 Rd7 19. a3 h6 20. Nf3 Nd5 21. Ne5 Rdd8 22. Nxf7 Kxf7 23. Rbd1 Nc7 24. Bxc7 1-0

[Event "Early-Titled-Tuesday-Blitz-December-26-2023"]
[Site "Chess.com"]
[Date "2023.12.26"]
[Round "4"]
[White "hakanazeri2"]
[Black "Viktor_Poddubnyi"]
[Result "1-0"]
[WhiteElo "2580"]
[BlackElo "2368"]
[TimeControl "180+1"]
[EndTime "8:35:38 PST"]
[Termination "hakanazeri2 won by resignation"]

1. e4 g6 2. d4 Bg7 3. Nc3 d6 4. Be3 a6 5. g4 b5 6. h4 Bb7 7.
Bg2 h5 8. gxh5 Rxh5 9. Bf3 Rh8 10. h5 gxh5 11. e5 Bxf3 12. Qxf3 Nd7 13. Qg2 Bf8 14. e6 Ndf6 15. Qc6+ 1-0

[Event "Early-Titled-Tuesday-Blitz-December-26-2023"]
[Site "Chess.com"]
[Date "2023.12.26"]
[Round "4"]
[White "Mikayel99"]
[Black "Evgeny81"]
[Result "0-1"]
[WhiteElo "2582"]
[BlackElo "2765"]
[TimeControl "180+1"]
[EndTime "8:35:43 PST"]
[Termination "Evgeny81 won by resignation"]

1. Nf3 d5 2. d4 Nf6 3. c4 c6 4.
cxd5 cxd5 5. Nc3 Nc6 6. Bf4 a6 7. e3 Bg4 8. Qb3 Na5 9. Qa4+ Bd7 10. Qc2 e6 11. Bd3 Rc8 12. O-O Bb4 13. Ne5 h6 14. Rfc1 O-O 15. Nxd7 Qxd7 16. Qd2 Nc4 17. Bxc4 Rxc4 18. f3 Rfc8 19. Rc2 Qc6 20. Rac1 b5 21. Qd3 Ba5 22. a3 Nd7 23. e4 Rxd4 24. Qe2 Rc4 25. exd5 exd5 26. b4 Bb6+ 27. Kh1 d4 0-1

[Event "Early-Titled-Tuesday-Blitz-December-26-2023"]
[Site "Chess.com"]
[Date "2023.12.26"]
[Round "4"]
[White "adapodadei"]
[Black "Felix-Rose"]
[Result "1-0"]
[WhiteElo "2738"]
[BlackElo "2247"]
[TimeControl "180+1"]
[EndTime "8:35:49 PST"]
[Termination "adapodadei won by resignation"]

1. g3 d5 2. Bg2 c6 3. d3 Nf6 4. Nd2 e5 5. Ngf3 Bd6 6. e4 dxe4 7.
dxe4 Bc7 8. O-O O-O 9. Qe2 Nbd7 10. a4 a5 11. Nc4 Qe7 12. Nh4 Nb6 13. Ne3 g6 14. b3 Rd8 15. Bb2 Be6 16. Rfd1 Rxd1+ 17. Rxd1 Rd8 18. Ra1 Qb4 19. Nf1 Qe7 20. Nf3 Nfd7 21. Ne1 f6 22. Nd3 Nc5 23. Ne1 Qf7 24. Bc3 Nbd7 25. Ne3 b6 26. Bb2 Nb7 27. Ng4 Ndc5 28. Nh6+ 1-0

[Event "Early-Titled-Tuesday-Blitz-December-26-2023"]
[Site "Chess.com"]
[Date "2023.12.26"]
[Round "4"]
[White "ljuks68"]
[Black "Onischuk_V"]
[Result "0-1"]
[WhiteElo "2515"]
[BlackElo "2707"]
[TimeControl "180+1"]
[EndTime "8:35:52 PST"]
[Termination "Onischuk_V won by resignation"]

1. e4 d6 2. d4 Nf6 3. Nc3 g6 4. Bg5 Bg7 5. f4 O-O 6. Qd2 h6 7. Bh4 e5 8. Nf3 exf4 9. Qxf4 g5 10. Bxg5 hxg5 11. Nxg5 Nh7 12. Nxh7 Kxh7 13. Bd3 Kg8 14.
O-O-O Qf6 15. Qg3 Qxd4 16. Rhf1 Nc6 17. e5 Qxe5 18. Qh4 Qe3+ 19. Kb1 Qh6 20. Qe4 Be6 21. Rf3 f5 22. Qe1 Ne5 0-1

[Event "Early-Titled-Tuesday-Blitz-December-26-2023"]
[Site "Chess.com"]
[Date "2023.12.26"]
[Round "4"]
[White "ShadyH9"]
[Black "TitarovVasiliYouTube"]
[Result "0-1"]
[WhiteElo "2347"]
[BlackElo "2543"]
[TimeControl "180+1"]
[EndTime "8:35:52 PST"]
[Termination "TitarovVasiliYouTube won by resignation"]

1. Nf3 d5 2. e3 Bf5 3. b3 e6 4. Bb2 Nf6 5. g3 Be7 6. Bg2 O-O 7.
O-O h6 8. d3 c6 9. Nbd2 a5 10. a4 Bh7 11. Qe2 Re8 12. e4 Bb4 13.
Ne5 Bxd2 14. Qxd2 dxe4 15. d4 Nbd7 16. Nc4 Qc7 17. Ba3 b5 18. Bd6 Qd8 19. axb5 cxb5 20. Nxa5 Qb6 21. c4 Qxd6 0-1

[Event "Early-Titled-Tuesday-Blitz-December-26-2023"]
[Site "Chess.com"]
[Date "2023.12.26"]
[Round "4"]
[White "RamonManon0g"]
[Black "missponyo10"]
[Result "0-1"]
[WhiteElo "2370"]
[BlackElo "2235"]
[TimeControl "180+1"]
[EndTime "8:35:56 PST"]
[Termination "missponyo10 won by checkmate"]

1. e4 c5 2. Nf3 d6 3. Bb5+ Bd7 4. Bxd7+ Qxd7 5. c4 Nc6 6. d4 cxd4 7. Nxd4 Nf6 8. Nc3 g6 9. O-O Bg7 10. Nxc6 bxc6 11.
Qe2 O-O 12. Rd1 Rfd8 13. e5 Ne8 14. exd6 exd6 15. Bg5 Rdb8 16. Rab1 Qf5 17. Be7 Bxc3 18. g4 Qe5 19. Qc2 Rxb2 20. Rxb2 Bxb2 21. Bh4 Qc3 22.
Qe2 Ng7 23. Rxd6 Re8 24. Rd8 Rxd8 25. Bxd8 Qc1+ 26. Kg2 Qc3 27. g5 Qe5 28. Qd3 Nh5 29.
Qd7 Nf4+ 30. Kf3 Qe2+ 31. Kxf4 Be5# 0-1

[Event "Early-Titled-Tuesday-Blitz-December-26-2023"]
[Site "Chess.com"]
[Date "2023.12.26"]
[Round "4"]
[White "AGW2016"]
[Black "MikeSailer"]
[Result "1-0"]
[WhiteElo "2552"]
[BlackElo "2188"]
[TimeControl "180+1"]
[EndTime "8:35:59 PST"]
[Termination "AGW2016 won by resignation"]

1. d4 d5 2. c4 Bf5 3. Nc3 e6 4. Qb3 Nc6 5. e3 Bb4 6. Nf3 Nf6 7. Be2 Ne4 8. O-O Bxc3 9. bxc3 O-O 10. cxd5 Qxd5 11.
c4 Qd7 12. Ba3 Rfb8 13. Rfd1 h6 14. d5 exd5 15. cxd5 Ne7 16. Rac1 Nd6 17. Ne5 Qd8 18. Nc4 Nxc4 19. Bxc4 Nc8 20. d6 Nxd6 21. Bxf7+ Kh8 22. Bb2 Rc8 23. Be6 Bxe6 24. Qxe6 Qg8 25. Qxh6+ Qh7 26.
Bxg7+ Kg8 27. Qxh7+ Kxh7 28. Be5 Rd8 29. Rxc7+ 1-0

[Event "Early-Titled-Tuesday-Blitz-December-26-2023"]
[Site "Chess.com"]
[Date "2023.12.26"]
[Round "4"]
[White "Pastore1978"]
[Black "AsaHoffmann"]
[Result "0-1"]
[WhiteElo "2195"]
[BlackElo "2315"]
[TimeControl "180+1"]
[EndTime "8:35:59 PST"]
[Termination "AsaHoffmann won by resignation"]

1. e4 d6 2. Nc3 c6 3. d4 Nf6 4. Bf4 Qa5 5. Nf3 Nxe4 6. Bd3 Nxc3 7. Qd2 Bg4 8. bxc3 Bxf3 9. gxf3 Nd7 10. O-O e6 11.
Rfe1 g6 12. Rab1 Qc7 13. c4 Bg7 14. d5 e5 15. Bh6 O-O 16. dxc6 bxc6 17. Be4 Nc5 18.
Red1 Rfd8 19. Bg5 f6 20. Be3 f5 21. Bd3 Ne6 22. Qc3 e4 0-1

[Event "Early-Titled-Tuesday-Blitz-December-26-2023"]
[Site "Chess.com"]
[Date "2023.12.26"]
[Round "4"]
[White "DTChess"]
[Black "DeyanKostov"]
[Result "1/2-1/2"]
[WhiteElo "2664"]
[BlackElo "2487"]
[TimeControl "180+1"]
[EndTime "8:36:04 PST"]
[Termination "Game drawn by agreement"]

1. e4 c5 2. Nf3 d6 3. Nc3 Nf6 4. d4 cxd4 5. Nxd4 Nc6 6. Bc4 e6 7. Bb3 Be7 8. Be3 a6 9. f3 Qc7 10. Qd2 Nxd4 11. Bxd4 b5 12. O-O O-O 13. Rfd1 Rd8 14.
Rac1 Bb7 15. Qf2 Nd7 16. Ne2 Bf6 17. c3 Bxd4 18. cxd4 Qb6 19. Rc2 Rac8 20. Rdc1 Rxc2 21. Rxc2 Rc8 22. Rxc8+ Bxc8 23. Qe3 h6 24. Qc3 Bb7 25. Kf1 a5 26. a3 Kf8 27. Bc2 Ke7 28. Bd3 b4 29.
axb4 axb4 30. Qc4 Nb8 31. Qb5 Qxb5 32. Bxb5 Ba6 33. Ba4 Nd7 34. Bxd7 Kxd7 35. Kf2 Bxe2 36. Kxe2 Kc6 37. b3 e5 38. Kd3 Kb5 39. g3 g5 40. f4 f6 41. f5 g4 42. d5 Kc5 43.
Ke3 h5 44. Kd3 1/2-1/2

[Event "Early-Titled-Tuesday-Blitz-December-26-2023"]
[Site "Chess.com"]
[Date "2023.12.26"]
[Round "4"]
[White "chito89"]
[Black "Statham_l3"]
[Result "1-0"]
[WhiteElo "2843"]
[BlackElo "2568"]
[TimeControl "180+1"]
[EndTime "8:36:12 PST"]
[Termination "chito89 won by resignation"]

1. Nf3 d5 2. e3 Nf6 3. c4 e6 4. b3 Bd6 5. Bb2 O-O 6. Nc3 c5 7. cxd5 exd5 8. d4 Nc6 9. Be2 Bg4 10. dxc5 Bxc5 11. O-O a6 12. Rc1 Ba7 13. h3 Bh5 14.
Nh4 Bxe2 15. Nxe2 Bb8 16. Nf3 Qd6 17. Bxf6 gxf6 18. Ng3 Ne5 19. Nd4 Kh8 20. Qh5 Rg8 21. Rfd1 Rg5 22. Rc8+ Rg8 23. Ndf5 Qe6 24. Rxg8+ Kxg8 25. Qh6 1-0

[Event "Early-Titled-Tuesday-Blitz-December-26-2023"]
[Site "Chess.com"]
[Date "2023.12.26"]
[Round "4"]
[White "Matic_Nareks"]
[Black "tylityli"]
[Result "1-0"]
[WhiteElo "2503"]
[BlackElo "2246"]
[TimeControl "180+1"]
[EndTime "8:36:13 PST"]
[Termination "Matic_Nareks won by resignation"]

1. e4 e5 2. Bc4 Nf6 3. d3 c6 4. Nf3 d5 5. Bb3 Bd6 6. Nc3 dxe4 7. Nxe4 Nxe4 8. dxe4 h6 9. O-O O-O 10. Be3 Qc7 11. c3 Bg4 12. h3 Bh5 13. g4 Bg6 14. Bc2 Nd7 15. Nh4 Bh7 16. Qf3 Nc5 17. Nf5 Ne6 18.
Rad1 Rad8 19. Bxa7 b6 20. Nxd6 Qxa7 21. Bb3 Nc5 22. Nxf7 Bxe4 23. Nxd8+ Nxb3 24. Qxe4 Nc5 25. Qxe5 Qa8 26. Ne6 1-0

[Event "Early-Titled-Tuesday-Blitz-December-26-2023"]
[Site "Chess.com"]
[Date "2023.12.26"]
[Round "4"]
[White "prime-morty"]
[Black "viviania"]
[Result "0-1"]
[WhiteElo "2522"]
[BlackElo "2838"]
[TimeControl "180+1"]
[EndTime "8:36:15 PST"]
[Termination "viviania won by resignation"]

1. c4 e6 2. Nc3 f5 3. g3 Bb4 4.
Qb3 a5 5. a3 Bxc3 6. Qxc3 Nf6 7. d3 a4 8. Bg2 d6 9. f4 O-O 10. Nf3 Bd7 11. O-O Bc6 12. Ng5 Bxg2 13. Kxg2 Qd7 14.
Re1 Nc6 15. e4 e5 16. c5 Kh8 17. cxd6 cxd6 18. Qc4 Nd4 19. fxe5 dxe5 20. Be3 Rac8 21. Qb4 Nc2 22. Qd2 Nxa1 23. Rxa1 fxe4 24. Nxe4 Nxe4 25.
dxe4 Qxd2+ 26. Bxd2 Rc2 27. Rd1 Rd8 0-1

[Event "Early-Titled-Tuesday-Blitz-December-26-2023"]
[Site "Chess.com"]
[Date "2023.12.26"]
[Round "4"]
[White "kakarot_001"]
[Black "BashirliSaadat"]
[Result "1-0"]
[WhiteElo "2668"]
[BlackElo "2448"]
[TimeControl "180+1"]
[EndTime "8:36:23 PST"]
[Termination "kakarot_001 won by resignation"]

1. Nf3 d5 2. g3 Nf6 3. Bg2 c6 4. O-O Bf5 5. d3 h6 6. Nbd2 e6 7. Qe1 Nbd7 8. e4 Bg6 9. Nh4 Bh7 10. f4 Bc5+ 11. Kh1 O-O 12. e5 Ne8 13. f5 exf5 14.
Nxf5 Bxf5 15. Rxf5 Nc7 16. Nb3 Qe7 17. d4 Bb6 18.
Rh5 c5 19. c3 c4 20. Nd2 Rae8 21. Nf3 f6 22. Bf4 Ne6 23. Nh4 Nxf4 24. gxf4 Qf7 25. Qe2 g6 26. Rxh6 Kg7 27. Rxg6+ Qxg6 28. Nxg6 Kxg6 29.
Bxd5 f5 30. Rg1+ Kh6 31. Qg2 1-0

[Event "Early-Titled-Tuesday-Blitz-December-26-2023"]
[Site "Chess.com"]
[Date "2023.12.26"]
[Round "4"]
[White "chenrip"]
[Black "YurasovMat-2012"]
[Result "0-1"]
[WhiteElo "2349"]
[BlackElo "2527"]
[TimeControl "180+1"]
[EndTime "8:36:26 PST"]
[Termination "YurasovMat-2012 won by checkmate"]

1. e4 e5 2. d4 exd4 3. c3 d3 4. Bxd3 Nc6 5. Nf3 g6 6. O-O Bg7 7. Bg5 Nge7 8. Qd2 h6 9. Be3 d6 10. Na3 Be6 11. Bb5 a6 12. Ba4 g5 13. Nd4 Bd7 14.
f4 gxf4 15. Rxf4 Ng6 16. Rf2 Nxd4 17. Bxd7+ Qxd7 18. cxd4 O-O-O 19. Rc1 Kb8 20. b4 Rde8 21. Qc2 Rhf8 22. b5 axb5 23. d5 Ne5 24. Qb3 Ng4 25.
Nxb5 Nxf2 26. Qa4 Qxb5 27. Qxb5 Nxe4 28. Rb1 b6 29. Bxb6 cxb6 30. Qxb6+ Kc8 31. Qc6+ Kd8 32.
Rb7 Bd4+ 33. Kh1 Nf2+ 34. Kg1 Ng4+ 35. Kf1 Nxh2# 0-1

[Event "Early-Titled-Tuesday-Blitz-December-26-2023"]
[Site "Chess.com"]
[Date "2023.12.26"]
[Round "4"]
[White "JohnWhite1952"]
[Black "TedBelanoff"]
[Result "0-1"]
[WhiteElo "2006"]
[BlackElo "2266"]
[TimeControl "180+1"]
[EndTime "8:36:38 PST"]
[Termination "TedBelanoff won on time"]

1. e4 d5 2. exd5 Qxd5 3. Nc3 Qd6 4. d4 c6 5. h3 Nf6 6. Nf3 Bf5 7. Bc4 e6 8. O-O Nbd7 9. Re1 h6 10. Be3 Be7 11.
a4 g5 12. Bd3 g4 13. hxg4 Bxg4 14. Be2 Rg8 15. Nh2 Bh3 16. Bf1 Ng4 17. Nxg4 Bxg4 18. Be2 Nf6 19. Bxg4 Nxg4 20. Qf3 Qh2+ 21. Kf1 O-O-O 22.
Bf4 Qh5 23. Rad1 Bd6 24. Bxd6 Rxd6 25. Ne4 Nh2+ 26. Ke2 Nxf3 27. gxf3 Rd5 28. Nf6 Re5+ 29. dxe5 Qxe5+ 30. Ne4 f5 31. Kf1 fxe4 32. Rxe4 Qh2 33. Rxe6 Rg1+ 34. Ke2 Rxd1 35. Kxd1 Qxf2 36. Rxh6 Qg1+ 37. Kd2 Qg5+ 0-1